 Dungeon Crawl Stone Soup version 0.17.1-3-g152610e (webtiles) character file.

1425 manyhoops the Protected (level 8, -1/69 HPs)
             Began as a Minotaur Hunter on Apr 27, 2016.
             Was a Believer of Okawaru.
             Slain by a wraith (2 damage)
             ... on level 7 of the Dungeon.
             The game lasted 00:13:31 (7402 turns).

manyhoops the Protected (Minotaur Hunter)           Turns: 7402, Time: 00:13:31

Health: -1/69      AC: 12    Str: 20    XL:     8   Next: 44%
Magic:  5/7        EV: 10    Int:  8    God:    Okawaru [**....]
Gold:   366        SH:  0    Dex: 10    Spells: 0 memorised, 7 levels left

rFire  . . .     SeeInvis .     I - +0 hand axe
rCold  + . .     Clarity  .     v - +0 chain mail
rNeg   . . .     SustAt   .     (no shield)
rPois  .         Gourm    .     (helmet restricted)
rElec  .         Spirit   .     (no cloak)
rCorr  .         Warding  .     (no gloves)
rMut   .         Stasis   .     (no boots)
MR     .....                    (no amulet)
Stlth  ..........               w - ring of stealth
                                j - ring of protection from cold

@: heroism, slowed, drained, very slow, not resistant to hostile enchantments,
extremely unstealthy
A: retaliatory headbutt, horns 2
a: Heroism, Renounce Religion


You were on level 7 of the Dungeon.
You worshipped Okawaru.
Okawaru was pleased with you.
You were not hungry.

You visited 1 branch of the dungeon, and saw 7 of its levels.

You collected 366 gold pieces.

Inventory:

Hand Weapons
 a - a +2 hand crossbow
 I - a +0 hand axe (weapon)
Missiles
 y - 4 bolts
Armour
 c - a +1 leather armour
 v - a +0 chain mail (worn)
Jewellery
 b - an uncursed amulet of the gourmand {unknown}
 j - a ring of protection from cold (left hand)
 l - an uncursed ring of flight
 w - a ring of stealth (right hand)
Wands
 d - a wand of fireball (0)
 o - a wand of polymorph (13)
 z - a wand of slowing (17)
 A - a wand of invisibility (5)
Scrolls
 f - a scroll of blinking {unknown}
 h - 3 scrolls of random uselessness
 u - a scroll of magic mapping
 B - 3 scrolls of remove curse
 D - 2 scrolls of identify
 F - a scroll of fog {unknown}
 H - 2 scrolls of amnesia
Potions
 k - a potion of magic {unknown}
 m - a potion of flight
 n - a potion of mutation
 p - 2 potions of cancellation
 r - a potion of ambrosia
 s - a potion of curing
 x - 3 potions of heal wounds {unknown}
 C - a potion of brilliance {unknown}
 E - a potion of might {unknown}
Books
 G - a book of Battle

   Spells                             Type                      Level
   a - Infusion                       Charms                       1
   b - Shroud of Golubria             Charms/Translocation         2
   c - Song of Slaying                Charms                       2
   d - Spectral Weapon                Hexes/Charms                 3
   e - Regeneration                   Charms/Necromancy            3
Comestibles
 g - a slice of pizza
 i - 6 meat rations
 q - 5 beef jerkies
 t - 2 fruits
 J - a chunk of flesh


   Skills:
 * Level 5.5(9.8) Fighting
 * Level 1.3(5.6) Axes
 + Level 8.1(12.3) Crossbows
 - Level 8.3(12.5) Armour
 - Level 2.1(6.5) Dodging
 - Level 0.7(5.0) Stealth
 + Level 0.3(0.0) Evocations


You had 7 spell levels left.
You didn't know any spells.

Dungeon Overview and Level Annotations

Branches:
Dungeon (7/15)             Temple (0/1) D:6

Altars:
Cheibriados
Elyvilon
Fedhas
Gozag
Okawaru
Qazlal
Sif Muna
Yredelemnul
The Shining One


Innate Abilities, Weirdness & Mutations

You reflexively headbutt those who attack you in melee.
You have a pair of horns on your head.


Message History

The wraith barely misses you. The wight hits you with a battleaxe.
* * * LOW HITPOINT WARNING * * *
The wraith completely misses you. You furiously retaliate!
You headbutt the wraith, but do no damage.
You feel better. The wight closely misses you. You furiously retaliate!
You headbutt the wight, but do no damage.
The wraith hits you. The wraith drains your vigour!
You feel as though you will be slow longer.
You gain the combat prowess of a mighty hero.
You feel slightly more hungry. The wight hits you with a battleaxe!
* * * LOW HITPOINT WARNING * * *
You feel drained.
* * * LOW HITPOINT WARNING * * *
The wraith hits you.
* * * LOW HITPOINT WARNING * * *
The wraith hits you!
* * * LOW HITPOINT WARNING * * *
The wraith drains your vigour!
You feel as though you will be slow longer.
You die...

....##.#'#.##
#######..##.......
#......#.....<....
######......#.##.......
#...........#.##.......
#...........#.##.......
#..........รท#..#.......
#......z.......).......
#.....@###.......######
#.....W# #.............
####+#.. #.............
#..(######........ #..(#
#........ ....(
..>...... ......
....##### ....(.# ......


You could see a wraith and a wight.

Vanquished Creatures
  Grinder (D:3)
  A water moccasin (D:5)
  2 sky beasts
  An ogre (D:6)
  A centaur (D:5)
  A giant frog (D:6)
  A scorpion (D:4)
  A wight (D:7)
  A crimson imp (D:7)
  A centaur skeleton (D:6)
  A quasit (D:6)
  A giant frog skeleton (D:5)
  A jelly (D:5)
  An orc wizard (D:3)
  An orc priest (D:6)
  Jessica (D:3)
  4 iguanas
  Terence (D:3)
  Natasha (thrice) (D:2)
  2 worker ants
  A hound zombie (D:7)
  Robin (D:2)
  3 gnolls
  4 adders
  An ooze (D:3)
  2 worms
  6 giant geckos
  15 orcs
  A ball python (D:3)
  A giant cockroach (D:6)
  11 hobgoblins
  2 quokkas
  6 bats
  A giant cockroach zombie (D:4)
  A giant gecko skeleton (D:4)
  2 giant newts
  12 goblins
  4 kobolds
  8 rats
109 creatures vanquished.

Notes
Turn   | Place    | Note
--------------------------------------------------------------
     0 | D:1      | manyhoops the Minotaur Hunter began the quest for the Orb.
     0 | D:1      | Reached XP level 1. HP: 18/18 MP: 0/0
   544 | D:2      | Reached XP level 2. HP: 25/25 MP: 1/1
   554 | D:2      | Found a snail-covered altar of Cheibriados.
   646 | D:2      | Noticed Natasha
   651 | D:2      | Killed Natasha
   651 | D:2      | Reached skill level 5 in Crossbows
   651 | D:2      | Reached skill level 1 in Armour
   651 | D:2      | Reached XP level 3. HP: 30/30 MP: 2/2
   715 | D:2      | Noticed Robin
  1015 | D:2      | Killed Robin
  1019 | D:2      | Reached XP level 4. HP: 37/37 MP: 3/3
  1092 | D:2      | Found a glowing golden altar of the Shining One.
  1289 | D:2      | Noticed Natasha
  1296 | D:2      | Killed Natasha
  1296 | D:2      | Reached skill level 6 in Crossbows
  1627 | D:3      | Noticed Jessica
  1631 | D:3      | Killed Jessica
  1633 | D:3      | Found an iron altar of Okawaru.
  1646 | D:3      | Became a worshipper of Warmaster Okawaru
  1775 | D:3      | Reached XP level 5. HP: 36/42 MP: 4/4
  1956 | D:3      | Noticed Terence
  1991 | D:3      | Killed Terence
  2357 | D:3      | Noticed Grinder
  2497 | D:2      | Noticed Natasha
  2504 | D:2      | Killed Natasha
  2657 | D:3      | Killed Grinder
  2657 | D:3      | Reached * piety under Okawaru
  2657 | D:3      | Reached skill level 7 in Crossbows
  2657 | D:3      | Reached XP level 6. HP: 23/51 MP: 5/5
  3837 | D:4      | Found a deep blue altar of Sif Muna.
  3873 | D:5      | Entered Level 5 of the Dungeon
  3901 | D:5      | Noticed a water moccasin
  3916 | D:5      | Killed a water moccasin
  3916 | D:5      | Reached skill level 5 in Armour
  3916 | D:5      | Reached XP level 7. HP: 38/57 MP: 6/6
  5682 | D:6      | Found a stormy altar of Qazlal.
  5713 | D:6      | Found a blossoming altar of Fedhas.
  5774 | D:6      | Reached ** piety under Okawaru
  5774 | D:6      | Reached XP level 8. HP: 31/66 MP: 7/7
  5978 | D:6      | Reached skill level 8 in Armour
  6052 | D:6      | Found an opulent altar of Gozag.
  6134 | D:6      | Found a staircase to the Ecumenical Temple.
  6613 | D:6      | Found a white marble altar of Elyvilon.
  6673 | D:6      | Found a basalt altar of Yredelemnul.
  6944 | D:7      | Reached skill level 5 in Fighting
  7019 | D:7      | HP: 3/68 [orc warrior/flail (16)]
  7035 | D:6      | Reached skill level 1 in Axes
  7402 | D:7      | HP: 1/69 [wraith (8)]
  7402 | D:7      | Slain by a wraith

Action                   |  1- 3 |  4- 6 |  7- 9 || total
-------------------------+-------+-------+-------++-------
Melee: Short sword       |    22 |   127 |   134 ||   283
       Hand axe          |       |       |    50 ||    50
 Fire: Hand crossbow     |    48 |    60 |    24 ||   132
Invok: Heroism           |       |       |     2 ||     2
Evoke: Wand              |       |     3 |       ||     3
  Use: Scroll            |       |    14 |       ||    14
       Potion            |       |       |     7 ||     7
  Eat: Bread ration      |       |     2 |     3 ||     5
       Chunk             |       |       |     2 ||     2
